 Dungeon Crawl Stone Soup version 0.29-a0-284-gf9362112df (webtiles) character file.

Game seed: 15891670792278824212

177 sammy202020 the Skirmisher (level 5, -1/44 HPs)
             Began as a Palentonga Fighter on Mar 20, 2022.
             Slain by a gnoll
             ... wielding a +0 halberd
              (3 damage)
             ... on level 2 of the Dungeon.
             The game lasted 00:02:26 (2610 turns).

sammy202020 the Skirmisher (Palentonga Fighter)     Turns: 2610, Time: 00:02:27

Health: -1/44      AC:  6    Str: 19    XL:     5   Next: 31%
Magic:  5/5        EV:  7    Int: 10    God:
Gold:   72         SH:  4    Dex: 10    Spells: 4/4 levels left

rFire   . . .      SeeInvis +   a - +0 war axe
rCold   . . .      Faith    .   c - +0 buckler
rNeg    . . .      Spirit   .   b - +0 scale mail
rPois   .          Reflect  .   (no helmet)
rElec   .          Harm     .   (no cloak)
rCorr   .          Rampage  .   (no gloves)
Will    .....                   (no barding)
Stlth   ..........              (no amulet)
HPRegen 0.14/turn               (no ring)
MPRegen 0.09/turn               (no ring)

@: mighty
A: large, rugged brown scales 3, see invisible, deformed body, roll 1, armoured
tail
a: Rolling Charge


You were on level 2 of the Dungeon.
You visited 1 branch of the dungeon, and saw 2 of its levels.

You collected 72 gold pieces.

Inventory:

Hand Weapons
 a - a +0 war axe (weapon)
 q - a +0 flail of protection
Missiles
 p - 2 throwing nets
Armour
 b - a +0 scale mail (worn)
 c - a +0 buckler (worn)
Jewellery
 n - a +6 ring of dexterity
Wands
 o - a wand of polymorph (11)
Scrolls
 g - 4 scrolls of amnesia {unknown}
 h - 2 scrolls of vulnerability {unknown}
 i - 2 scrolls of enchant armour {unknown}
 j - 2 scrolls of enchant weapon {unknown}
 k - a scroll of silence {unknown}
 l - a scroll of magic mapping {unknown}
 m - a scroll of identify {unknown}
Potions
 e - 2 potions of heal wounds {unknown}
 f - a potion of curing {unknown}


   Skills:
 * Level 3.9 Fighting
 * Level 3.1 Axes
 * Level 3.1 Armour
 + Level 1.2 Dodging
 * Level 3.1 Shields


You had 4 spell levels left.
You didn't know any spells.
Your spell library was empty.

Dungeon Overview and Level Annotations

Branches:
Dungeon (2/15)

Altars:


Innate Abilities, Weirdness & Mutations

You are completely covered in rugged brown scales. (AC +3, +7% HP)
You have supernaturally acute eyesight. (SInv)
Armour fits poorly on your strangely shaped body.
You can roll at nearby foes to attack.
You have a long armoured tail.


Message History

The gnoll is heavily wounded.
The gnoll barely misses you. The gnoll hits you with a +0 club!
You slash the gnoll!
You kill the gnoll!
No target in view!
No target in view!
No target in view!
No target in view!
No target in view!
No target in view!
No target in view!
No target in view!
No target in view!
No target in view!
A gnoll comes into view. It is wielding a +0 flail.
The gnoll shouts!
You hear a shout!
A gnoll comes into view. It is wielding a +0 halberd.
The gnoll moves out of view.
You see here a +0 club.
A gnoll is nearby!
Found a mace.
The gnoll hits you with a +0 flail! The gnoll barely misses you.
You barely miss the gnoll. You block the gnoll's attack.
The gnoll hits you from afar with a +0 halberd!
You slash the gnoll!
The gnoll is severely wounded.
The gnoll hits you with a +0 flail!
The gnoll hits you from afar with a +0 halberd!
* * * LOW HITPOINT WARNING * * *
The gnoll barely misses you. The gnoll hits you with a +0 flail.
* * * LOW HITPOINT WARNING * * *
Okay, then.
Okay, then.
The gnoll attacks as you move away! The gnoll hits you with a +0 flail.
* * * LOW HITPOINT WARNING * * *
You see here a +0 club.
You feel very mighty all of a sudden. You block the gnoll's attack.
The gnoll hits you from afar with a +0 halberd.
You die...

#. #.#
#.#######.#
#.# #.###.#
#.# ..#
##....# #.#
#.###.#####
#.# #.#.##
#.# #.##
#####.##
#.#
#.......
#.#
#.######
#@# #.# #..
#g# #.# #.#
#g# #.# #.#
#.# #.# #.#
#...# #.#
#.. #...?)#
#.######
#........
#.......
##.....###
########
##...##


You could see 2 gnolls.

Vanquished Creatures
  An orc priest (D:2)
  Jessica (D:2)
  4 gnolls (D:2)
  3 adders (D:2)
  2 orcs (D:2)
  7 endoplasms
  2 giant cockroaches (D:1)
  2 hobgoblins
  6 jackals (D:2)
  4 kobolds
  5 quokkas
  2 ball pythons (D:1)
  5 bats
  3 frilled lizards (D:1)
  5 goblins
  2 rats
54 creatures vanquished.

Notes
Turn   | Place    | Note
-------+----------+-------------------------------------------
     0 | D:1      | sammy202020 the Palentonga Fighter began the quest for the
                  | Orb.
     0 | D:1      | Reached XP level 1. HP: 19/19 MP: 1/1
   153 | D:1      | Reached XP level 2. HP: 25/25 MP: 2/2
   800 | D:1      | Found a faded altar of an unknown god.
  1060 | D:1      | Reached XP level 3. HP: 27/31 MP: 3/3
  1395 | D:2      | Noticed Jessica
  1418 | D:2      | Killed Jessica
  1433 | D:2      | Reached XP level 4. HP: 37/37 MP: 4/4
  1602 | D:2      | Reached skill level 1 in Dodging
  2150 | D:2      | Reached XP level 5. HP: 26/44 MP: 5/5
  2608 | D:2      | HP: 1/44 [gnoll/+0 flail (5)]
  2610 | D:2      | Slain by a gnoll

Illustrated notes

Levels and vault maps discovered:
D:1:      dpeg_arrival_rooms_with_view, layout_basic, basic_ecumenical_altar
D:2:      layout_loops_ring, minmay_cupped, uniq_jessica

Skill      XL: |  1  2  3  4 |
---------------+-------------+-----
Armour         | 3 |  3.1
Dodging        | 1 |  1.2
Shields        | 3 |  3.1
Axes           | 3 |  3.1
Fighting       | |  3.9

Action                   |  1- 3 |  4- 6 || total
-------------------------+-------+-------++-------
Melee: War axe           |   109 |    66 ||   175
       Tailslap          |     9 |     9 ||    18
       Unarmed           |     1 |       ||     1
  Use: Potion            |       |     1 ||     1
Armor: Scale mail        |    62 |    49 ||   111
       Skin              |     3 |       ||     3
Dodge: Dodged            |    42 |    47 ||    89
Block: Buckler           |    23 |    16 ||    39

Table legend: (Time is in decaauts)
 A = Elapsed time spent in this place.
 B = Non-inter-level travel time spent in this place.
 C = Inter-level travel time spent in this place.
 D = Time resting spent in this place.
 E = Time spent auto-exploring this place.
 F = Levels seen in this place.
 G = Mean time per level.
                   A        B        C        D        E       F      G
               +--------+--------+--------+--------+--------+-----+--------+
         Total |   2687 |   2621 |     66 |    479 |   1706 |   2 | 1343.5 |
       Dungeon |   2687 |   2621 |     66 |    479 |   1706 |   2 | 1343.5 |
               +--------+--------+--------+--------+--------+-----+--------+

Top non-repeatable levels by time:
     D:2: 1483 daAuts
     D:1: 1203 daAuts
